 Dungeon Crawl Stone Soup version 0.18.1-48-g4cf74bf (webtiles) character file.

289 gloryseeker the Caller (level 6, 0/41 HPs)
             Began as a Mummy Summoner on Aug 28, 2016.
             Shot with an arrow by a centaur (10 damage)
             ... on level 4 of the Dungeon.
             The game lasted 00:21:59 (5549 turns).

gloryseeker the Caller (Mummy Summoner)             Turns: 5549, Time: 00:22:00

Health: 0/41       AC:  3    Str: 12    XL:     6   Next: 9%
Magic:  5/9        EV: 12    Int: 20    God:
Gold:   215        SH:  0    Dex: 12    Spells: 3 memorised, 0 levels left

rFire  x . .     SeeInvis .     h - +0 spear
rCold  + + .     Gourm    .     a - +0 robe
rNeg   + + +     Faith    .     (no shield)
rPois  ∞         Spirit   .     (no helmet)
rElec  .         Dismiss  .     (no cloak)
rCorr  .         Reflect  .     f - +0 pair of gloves
SustAt .         Harm     .     (no boots)
MR     .....                    k - amulet of magic regeneration
Stlth  ++........               g - ring of protection from cold
                                e - +4 ring of intelligence

@: about to teleport, not resistant to hostile enchantments, unstealthy
A: no food or potions, fire vulnerability, cold resistance 1, negative energy
resistance 3, torment resistance, unbreathing
a: no special abilities


You were on level 4 of the Dungeon.
You were not hungry.

You visited 1 branch of the dungeon, and saw 4 of its levels.

You collected 215 gold pieces.

Inventory:

Hand Weapons
 h - a +0 spear (weapon)
Missiles
 o - 5 javelins (quivered)
Armour
 a - a +0 robe (worn)
 f - a +0 pair of gloves (worn)
Jewellery
 e - a +4 ring of intelligence (left hand)
 g - a ring of protection from cold (right hand)
 k - an amulet of magic regeneration (around neck)
Scrolls
 c - a scroll of fear {unknown}
 d - a scroll of recharging
 i - a scroll of remove curse
 j - a scroll of identify
 l - a scroll of amnesia
 m - 3 scrolls of teleportation
 n - a scroll of fog {unknown}
 p - a scroll of noise {unknown}
 q - 2 scrolls of blinking {unknown}
 r - a scroll of random uselessness {unknown}
Books
 b - a book of Callings

   Spells                             Type                      Level
   a - Summon Small Mammal            Summoning                    1
   b - Call Imp                       Summoning                    2
   c - Call Canine Familiar           Summoning                    3
   d - Summon Guardian Golem          Hexes/Summoning              3
   e - Summon Lightning Spire         Summoning/Air                4
   f - Summon Ice Beast               Ice/Summoning                4


   Skills:
 - Level 1.5 Dodging
 - Level 1.5 Stealth
 - Level 2.0 Spellcasting
 + Level 6.1 Summonings


You couldn't memorise any spells.
You knew the following spells:

 Your Spells              Type           Power        Failure   Level  Hunger
a - Summon Lightning Spi  Summ/Air       ##......     45%         4    N/A
b - Call Imp              Summ           ####....     1%          2    N/A
c - Call Canine Familiar  Summ           ####....     4%          3    N/A

Dungeon Overview and Level Annotations

Branches:
Dungeon (4/15)
 Temple: D:4-7

Altars:
Xom
Yredelemnul

Annotations:
D:4 Galewind's ghost, amateur DECj


Innate Abilities, Weirdness & Mutations

You do not eat or drink.
Your flesh is vulnerable to fire.
You are immune to poison.
Your flesh is cold resistant.
You are immune to negative energy.
You are immune to unholy pain and torment.
You can survive without breathing.


Message History

Galewind's ghost casts a spell at you. The orb of energy hits you!
The orb of energy explodes!
Read which item? (? for menu, Esc to quit)
As you read the scroll labeled FICZOI LYKLOGEI, it crumbles to dust.
It is a scroll of identify.
Identify which item? (\ to view known items) (? for menu, Esc to quit)
m - 4 scrolls of teleportation The centaur shoots an arrow.
The arrow barely misses you.
Your crimson imp barely misses Galewind's ghost.
Read which item? (? for menu, Esc to quit)
As you read the scroll of teleportation, it crumbles to dust.
You feel strangely unstable.
The centaur shoots an arrow.
The arrow barely misses you.
Galewind's ghost points at you and mumbles some strange words.
The magic dart hits you!
* * * LOW HITPOINT WARNING * * *
The centaur shoots an arrow.
The arrow closely misses your crimson imp.
The arrow hits you!
You die...

.....!...................# #..
......................c..# #..
.........................# #####'
...............(.........# #.....
....................(....###.....
...................5..(.(........
...................W.....#<......
.................(.......##......
................@........##.#....
###.####.###.#########.####.#.###
#.# #.# #.# #.# #...# #<# #.# #.#
#.# ##### ### #.# #.# #.#
########.###.# #####.#
..%..........# #.....#
############## #######


You could see a centaur, Galewind's ghost and a friendly crimson imp.

Vanquished Creatures
  2 worker ants (D:4)
  A hound skeleton (D:4)
  2 adders
  An ooze (D:3)
  An adder skeleton (D:4)
  A worm (D:4)
  6 dart slugs
  2 giant geckos
  5 orcs (D:3)
  6 giant cockroaches
  3 hobgoblins
  2 jackals (D:3)
  4 kobolds
  4 quokkas
  4 bats (D:2)
  3 giant newts
  2 goblins
  4 rats
53 creatures vanquished.

Vanquished Creatures (collateral kills)
  An ogre (D:3)
  A phantom (D:4)
  An iguana (D:4)
  A worker ant (D:4)
  2 adders (D:4)
  2 worms (D:2)
  2 giant geckos
  3 orcs (D:3)
  2 hobgoblins (D:1)
  A kobold (D:1)
  A bat (D:1)
17 creatures vanquished.

Grand Total: 70 creatures vanquished

Notes
Turn   | Place    | Note
--------------------------------------------------------------
     0 | D:1      | gloryseeker the Mummy Summoner began the quest for the Orb.
     0 | D:1      | Reached XP level 1. HP: 13/13 MP: 3/3
   801 | D:1      | Reached XP level 2. HP: 7/19 MP: 3/5
   997 | D:1      | Learned a level 2 spell: Call Imp
  1515 | D:1      | Reached skill level 4 in Summonings
  1806 | D:2      | Reached XP level 3. HP: 22/24 MP: 6/6
  1811 | D:2      | Learned a level 3 spell: Call Canine Familiar
  1960 | D:2      | Found a shimmering altar of Xom.
  2955 | D:3      | Reached XP level 4. HP: 13/30 MP: 5/7
  3162 | D:3      | Noticed an ogre
  3206 | D:3      | Killed an ogre
  3206 | D:3      | Reached skill level 5 in Summonings
  3645 | D:4      | Noticed a phantom
  3724 | D:4      | Reached XP level 5. HP: 12/35 MP: 4/8
  3957 | D:4      | Killed a phantom
  4034 | D:4      | Found a basalt altar of Yredelemnul.
  4539 | D:4      | Reached skill level 6 in Summonings
  4572 | D:4      | Noticed Galewind's ghost (amateur DECj)
  4741 | D:4      | Reached XP level 6. HP: 17/41 MP: 6/9
  4747 | D:4      | Learned a level 4 spell: Summon Lightning Spire
  5549 | D:4      | Shot with an arrow by a centaur

Skill      XL: |  1  2  3  4  5 |
---------------+----------------+-----
Summonings     | 4 5 6 |  6.1
Dodging        | |  1.5
Stealth        | |  1.5
Spellcasting   | |  2.0

Action                   |  1- 3 |  4- 6 || total
-------------------------+-------+-------++-------
Melee: Spear             |   189 |   148 ||   337
       Unarmed           |     1 |       ||     1
 Cast: Summon Small Mamm |     5 |       ||     5
       Call Imp          |    12 |     8 ||    20
       Call Canine Famil |       |    17 ||    17
  Use: Scroll            |       |     5 ||     5
 Stab: Sleeping          |     7 |     5 ||    12
       Distracted        |       |     2 ||     2
Armor: Robe              |    39 |    17 ||    56
Dodge: Dodged            |   111 |    80 ||   191
